 Dungeon Crawl Stone Soup version 0.30.1-4-g462c640d31 (webtiles) character file.

Game seed: 15260568640513837659

275 Peloso the Covered (level 6, -1/55 HPs)
             Began as a Minotaur Fighter on Aug 17, 2023.
             Was an Initiate of Okawaru.
             Slain by a black bear (5 damage)
             ... on level 4 of the Dungeon.
             The game lasted 00:05:19 (2960 turns).

Peloso the Covered (Minotaur Fighter)               Turns: 2960, Time: 00:05:20

Health: -1/55      AC:  7    Str: 26    XL:     6   Next: 3%
Magic:  5/5        EV: 10    Int:  5    God:    Okawaru [......]
Gold:   165        SH:  5    Dex: 12    Spells: 5/5 levels left

rFire   . . .        a - +0 long sword
rCold   . . .        c - +0 buckler
rNeg    . . .        b - +0 scale mail
rPois   .            (helmet restricted)
rElec   .            (no cloak)
rCorr   .            (no gloves)
SInv    .            (no boots)
Will    .....        (no amulet) Stlth
                     f - +6 ring of strength
HPRegen 0.29/turn    (no ring)
MPRegen 0.09/turn

%: no passive effects
@: no status effects
A: horns 2, retaliatory headbutt
a: Renounce Religion


You were on level 4 of the Dungeon.
You worshipped Okawaru.
Okawaru was noncommittal.
You visited 1 branch of the dungeon, and saw 4 of its levels.

You collected 165 gold pieces.

Inventory:

Hand Weapons
 a - a +0 long sword (weapon)
Armour
 b - a +0 scale mail (worn)
 c - a +0 buckler (worn)
Jewellery
 f - a +6 ring of strength (left hand)
Wands
 k - a wand of paralysis (6)
Scrolls
 e - 2 scrolls of teleportation
 g - a scroll of acquirement {unknown}
 h - 2 scrolls of enchant weapon
 i - a scroll of fear {unknown}
 j - a scroll of vulnerability {unknown}
Potions
 d - 2 potions of might


   Skills:
 + Level 4.9 Fighting
 + Level 4.7 Long Blades
 + Level 5.4 Armour
 + Level 1.4 Dodging
 + Level 0.1 Stealth
 + Level 4.2 Shields


You had 5 spell levels left.
You didn't know any spells.
Your spell library contained the following spells:

 Spells                   Type           Power      Damage    Failure   Level
 Lesser Beckoning         Tloc           0%         N/A       91%         2
 Gell's Gravitas          Tloc           0%         N/A       99%         3
 Ozocubu's Armour         Ice            0%         N/A       99%         3
 Portal Projectile        Hex/Tloc       0%         N/A       99%         3
 Teleport Other           Tloc           0%         N/A       99%         3
 Blade Hands              Tmut           0%         N/A       100%        5
 Iron Shot                Conj/Erth      0%         9d1       100%        6
 Ozocubu's Refrigeration  Ice            0%         4d7       100%        7
 Tukima's Dance           Hex            Unusable   N/A       N/A         3
 Animate Armour           Summ/Erth      Unusable   N/A       N/A         4

Dungeon Overview and Level Annotations

Branches:
Dungeon (4/15)             Temple (0/1) D:4

Altars:
Dithmenos
Elyvilon
Kikubaaqudgha
Okawaru
Sif Muna
Wu Jian
Xom
Yredelemnul
The Shining One

Annotations:
D:4 3 runed translucent doors, Peloso's ghost, amateur MiFi; Plommelars's ghost, amateur DrFE; Voland's ghost, amateur TeAE


Innate Abilities, Weirdness & Mutations

You have a pair of horns on your head.
You reflexively headbutt those who attack you in melee.


Message History

The black bear is severely wounded.
The black bear bites you. You block the black bear's attack.
The black bear completely misses you.
You hit the black bear.
The black bear is almost dead.
The black bear goes berserk!
You hit the black bear but do no damage.
The black bear is severely wounded.
The black bear bites you. The black bear barely misses you.
You block the black bear's attack. The black bear bites you.
The black bear claws you. x2
You barely miss the black bear.
The black bear is severely wounded.
The black bear barely misses you.
The black bear claws you but does no damage.
The black bear closely misses you. The black bear bites you!
The black bear claws you. x2
* * * LOW HITPOINT WARNING * * *
You hit the black bear but do no damage.
The black bear is severely wounded.
The black bear closely misses you. The black bear claws you.
* * * LOW HITPOINT WARNING * * *
The black bear misses you.
You slash the black bear!
The black bear is almost dead.
The black bear bites you but does no damage.
The black bear claws you.
* * * LOW HITPOINT WARNING * * *
The black bear claws you.
* * * LOW HITPOINT WARNING * * *
The black bear bites you.
* * * LOW HITPOINT WARNING * * *
You block the black bear's attack.
The black bear claws you but does no damage.
You barely miss the black bear.
The black bear is almost dead.
The black bear barely misses you. The black bear claws you.
* * * LOW HITPOINT WARNING * * *
The black bear claws you.
You die...

#
#.##.##########
#...?h@.......#
#.##.########.#
# #.# #.#
#####.# #.....#
##8..?..8##
#.#####
#?........# #.#
#P...[...P# #.#


You could see a black bear (berserk).

Vanquished Creatures
  A hound (D:4)
  Jessica (D:2)
  A scorpion zombie (D:3)
  Terence (D:2)
  An iguana (D:3)
  A hound zombie (D:3)
  3 adders
  A gnoll (D:1)
  2 adder zombies (D:3)
  A dart slug (D:1)
  6 endoplasms
  7 giant cockroaches
  5 goblins
  10 hobgoblins
  11 jackals
  2 quokkas (D:3)
  7 ball pythons
  6 bats
  4 frilled lizards
  4 kobolds
  5 rats
80 creatures vanquished.

Notes
Turn   | Place    | Note
-------+----------+-------------------------------------------
     0 | D:1      | Peloso the Minotaur Fighter began the quest for the Orb.
     0 | D:1      | Reached XP level 1. HP: 19/19 MP: 0/0
    97 | D:1      | Reached XP level 2. HP: 27/27 MP: 1/1
   292 | D:1      | Reached skill level 4 in Armour
   358 | D:1      | Reached XP level 3. HP: 32/33 MP: 2/2
  1051 | D:2      | Noticed Jessica
  1055 | D:2      | Killed Jessica
  1056 | D:2      | Reached XP level 4. HP: 30/41 MP: 3/3
  1165 | D:2      | Noticed Terence
  1173 | D:2      | Killed Terence
  1513 | D:3      | Reached skill level 5 in Armour
  1513 | D:3      | Reached XP level 5. HP: 39/47 MP: 4/4
  1567 | D:3      | Reached skill level 1 in Dodging
  1606 | D:3      | Found a white marble altar of Elyvilon.
  1679 | D:3      | Found a basalt altar of Yredelemnul.
  1925 | D:3      | Found an ornate altar of the Wu Jian Council.
  1970 | D:3      | Found a shimmering altar of Xom.
  1972 | D:3      | Found a glowing golden altar of the Shining One.
  1977 | D:3      | Found a shimmering blue altar of Sif Muna.
  2661 | D:4      | Found an ancient bone altar of Kikubaaqudgha.
  2665 | D:4      | Found an iron altar of Okawaru.
  2665 | D:4      | Found a shadowy altar of Dithmenos.
  2680 | D:4      | Became a worshipper of Warmaster Okawaru
  2701 | D:4      | Found a staircase to the Ecumenical Temple.
  2750 | D:4      | Reached XP level 6. HP: 50/55 MP: 5/5
  2846 | D:4      | Found a runed translucent gate.
  2847 | D:4      | Found a runed translucent gate.
  2848 | D:4      | Found a runed translucent gate.
  2848 | D:4      | Noticed Voland's ghost (amateur TeAE)
  2848 | D:4      | Noticed Plommelars's ghost (amateur DrFE)
  2849 | D:4      | Noticed Peloso's ghost (amateur MiFi)
  2960 | D:4      | Slain by a black bear

Illustrated notes

Levels and vault maps discovered:
D:1:      nicolae_arrival_washed_ashore, layout_basic
D:2:      layout_basic, minmay_tiny_reverse_x, uniq_terence, uniq_jessica
D:3:      layout_loops_ring, nicolae_yredelemnul_corpse_copse, minitemple,
          nicolae_elyvilon_peaceful_grove, minmay_checkerbox
D:4:      layout_loops_ring, nzn_hepliaklqana_mist_gate,
          grunt_temple_overflow_open, minmay_temple_entry_arrows,
          gammafunk_ghost_cemetery

Skill      XL: |  1  2  3  4  5 |
---------------+----------------+-----
Fighting       | 4 |  4.9
Armour         | 4 5 |  5.4
Long Blades    | 3 4 |  4.7
Dodging        | 1 |  1.4
Shields        | 4 |  4.2
Stealth        | |  0.1

Action                     |  1- 3 |  4- 6 || total
---------------------------+-------+-------++-------
  Melee: Long sword        |    79 |   103 ||   182
         Headbutt          |    13 |    17 ||    30
    Use: Scroll            |     2 |     3 ||     5
         Potion            |       |     2 ||     2
 Armour: Scale mail        |    53 |    46 ||    99
  Dodge: Dodged            |    48 |    53 ||   101
  Block: Buckler           |    37 |    28 ||    65
